cohdb
Replays
Latest Replays
All Replays
Popular Replays
Top Player Replays
Match Explorer
How It Works
Community
CoH3 Stats
Reddit
Sign in to upload your games and track your stats! →
Sign in with Steam
Match 43505099
Unlisted
Match 43505099
Overview
Messages
Build Orders
End
Kettenkrad Recon Vehicle
Selects Italian Coastal Battlegroup
Selects Coastal Reserves
Coastal Reserve
Construct Infanterie Kompanie
Coastal Reserve
Coastal Reserve
MG 42 Bunker
MG 42 Bunker
Selects Support Bunkers
MG 42 Bunker
Selects Rapid Fortifications
MG 42 Bunker
Coastal Reserve
MG 42 Bunker
Rapid Fortifications
Selects Bulwark
MG 42 Bunker
Construct Panzergrenadier Kompanie
Rapid Fortifications
MG 42 Bunker
Support Elements
Coastal Reserve
Selects Artillery Officer
Rapid Fortifications
MG 42 Bunker
Rapid Fortifications
Selects Obice da 210/22 Artillery Emplacement
MG 42 Bunker
MG 42 Bunker
Rapid Fortifications
Yanto
Bigredbot
matrix4x4
Ace_Existance
Come play the game or come out
Rainbow
Professional_Gamer
kokogo2
0
0
Comments
sign in to comment!
No comments posted yet!